 Dungeon Crawl Stone Soup version 0.21-a0-196-g6a663c0 (webtiles) character file.

91 tilp the Firebug (level 4, -16/37 HPs)
             Began as a Hill Orc Fire Elementalist on Aug 15, 2017.
             Killed from afar by a goblin (24 damage)
             ... with a wand of lightning (?/15)
             ... on level 3 of the Dungeon.
             The game lasted 00:07:25 (2123 turns).

tilp the Firebug (Hill Orc Fire Elementalist)       Turns: 2123, Time: 00:07:28

Health: -16/37     AC:  3    Str: 10    XL:     4   Next: 57%
Magic:  7/8        EV: 11    Int: 16    God:
Gold:   96         SH:  0    Dex: 11    Spells: 3/9 levels left

rFire    . . .     SeeInvis .   a - +2 dagger (speed)
rCold    . . .     Gourm    .   (no shield)
rNeg     . . .     Faith    .   f - +0 leather armour {MR+}
rPois    .         Spirit   .   (no helmet)
rElec    .         Reflect  .   (no cloak)
rCorr    .         Harm     .   (no gloves)
MR       +....                  (no boots)
Stlth    +.........             (no amulet)
HPRegen  0.12/turn              (no ring)
MPRegen  0.11/turn              (no ring)

@: no status effects
A: no striking features
a: no special abilities


You were on level 3 of the Dungeon.
You were hungry.

You visited 1 branch of the dungeon, and saw 3 of its levels.

You collected 96 gold pieces.

Inventory:

Hand Weapons
 a - a +2 dagger of speed (weapon)
 b - a +0 hunting sling
 g - a +0 whip
 w - a +1 whip of flaming
Missiles
 d - 198 stones (quivered)
Armour
 f - a +0 leather armour of magic resistance (worn)
Scrolls
 e - 3 scrolls of remove curse {unknown}
 j - a scroll of blinking {unknown}
 l - 2 scrolls of enchant weapon {unknown}
 n - a scroll of magic mapping {unknown}
 o - a scroll of identify {unknown}
 p - 2 scrolls of enchant armour {unknown}
 t - a scroll of noise {unknown}
 v - a scroll of fog {unknown}
Potions
 h - a potion of ambrosia {unknown}
 k - 2 potions of brilliance {unknown}
 m - a potion of agility {unknown}
 s - a potion of curing {unknown}
 u - 3 potions of heal wounds {unknown}
Books
 q - a book of Flames

   Spells                             Type                      Level
   a - Flame Tongue                   Conjuration/Fire             1
   b - Throw Flame                    Conjuration/Fire             2
   c - Conjure Flame                  Conjuration/Fire             3
   d - Inner Flame                    Hexes/Fire                   3
   e - Sticky Flame                   Conjuration/Fire             4
   f - Fireball                       Conjuration/Fire             5
Comestibles
 c - a bread ration
 i - 3 chunks of flesh
 r - a meat ration


   Skills:
 + Level 2.6 Fighting
 - Level 1.5 Dodging
 - Level 1.5 Stealth
 - Level 3.0 Spellcasting
 - Level 1.0 Conjurations
 - Level 3.2 Fire Magic


You had 3 spell levels left.
You knew the following spells:

 Your Spells              Type           Power        Failure   Level  Hunger
a - Flame Tongue          Conj/Fire      #....        11%         1    #......
b - Throw Flame           Conj/Fire      #.....       16%         2    ##.....
c - Conjure Flame         Conj/Fire      #.......     30%         3    ###....


Dungeon Overview and Level Annotations

Branches:
Dungeon (3/15)

Altars:
Uskayaw


Message History

You hit the hobgoblin.
The hobgoblin is heavily wounded.
You hear the rusting of a very distant drain.
You barely miss the hobgoblin.
The hobgoblin is heavily wounded.
The hobgoblin completely misses you.
You hit the hobgoblin.
The hobgoblin is severely wounded.
The hobgoblin barely misses you.
Unknown command.
You hit the hobgoblin but do no damage.
The hobgoblin is severely wounded.
You hit the hobgoblin but do no damage.
The hobgoblin is severely wounded.
The hobgoblin hits you.
The goblin zaps a wand.
The bolt of lightning hits you!
Ouch! That really hurt!
* * * LOW HITPOINT WARNING * * *
The bolt of lightning hits you!
Ouch! That really hurt!
You die...

.....#.. .# # .
.......####.#.##.##
...#.....#.#.....
#.#.##..........
#......#.......r
#.......%........
########.......g##.##..#
..............#.##.#..###
#..........##...@g.....(#.
....##.........###........
.....##.........#.........
#...............#.........
#.................<.......
#.........................
#.##...#..................
#.#.......................
#.....##.......%....<...w.


You could see a hobgoblin and a goblin.

Vanquished Creatures
  3 adders
  A worm (D:2)
  4 dart slugs
  4 leopard geckos
  4 giant cockroaches
  6 goblins
  4 hobgoblins
  7 kobolds
  A quokka (D:3)
  7 bats
  5 frilled lizards
  3 rats
49 creatures vanquished.

Notes
Turn   | Place    | Note
-------+----------+-------------------------------------------
     0 | D:1      | tilp the Hill Orc Fire Elementalist began the quest for the Orb.
     0 | D:1      | Reached XP level 1. HP: 14/14 MP: 3/3
   487 | D:1      | Reached XP level 2. HP: 20/20 MP: 5/5
  1261 | D:2      | Reached XP level 3. HP: 26/26 MP: 6/6
  1268 | D:2      | Learned a level 2 spell: Throw Flame
  1272 | D:2      | Learned a level 3 spell: Conjure Flame
  1533 | D:2      | Reached skill level 1 in Fighting
  1562 | D:2      | Reached XP level 4. HP: 33/35 MP: 8/8
  1629 | D:2      | Found a hide-covered altar of Uskayaw.
  1632 | D:2      | Noticed a hand axe
  1632 | D:2      | Noticed a hand axe
  2123 | D:3      | Killed from afar by a goblin

Vault maps used:
D:1:      evilmike_arrival_rings
D:2:      dancing_weapons_uskayaw
D:3:      portal_sewer_entry_e

Skill      XL: |  1  2  3  4 |
---------------+-------------+-----
Spellcasting   | 2 3 |  3.0
Fighting       | 1 2 |  2.6
Dodging        | |  1.5
Stealth        | |  1.5
Conjurations   | |  1.0
Fire Magic     | |  3.2

Action                   |  1- 3 |  4- 6 || total
-------------------------+-------+-------++-------
Melee: Whip              |    73 |       ||    73
       Dagger            |    11 |    55 ||    66
 Fire: Hunting sling     |       |     2 ||     2
Throw: Stone             |     4 |       ||     4
 Cast: Flame Tongue      |    23 |       ||    23
       Throw Flame       |     4 |     3 ||     7
 Stab: Sleeping          |     1 |     1 ||     2
  Eat: Chunk             |     3 |     1 ||     4
Armor: Robe              |     1 |       ||     1
       Leather armour    |    32 |     8 ||    40
Dodge: Dodged            |    65 |    27 ||    92
